 Dungeon Crawl Stone Soup version 0.25-a0-578-gc91f01c39c (webtiles) character file.

Game seed: 6050736946822359798, levelgen mode: deterministic

1259 Esekla the Cutter (level 8, -7/37 HPs)
             Began as a Spriggan Artificer on Mar 6, 2020.
             Shot with an arrow by a centaur (9 damage)
             ... on level 6 of the Dungeon.
             The game lasted 00:44:12 (7039 turns).

Esekla the Cutter (Spriggan Artificer)              Turns: 7039, Time: 00:44:12

Health: -7/37      AC:  3    Str:  8    XL:     8   Next: 27%
Magic:  21/21      EV: 22    Int: 15    God:
Gold:   263        SH:  0    Dex: 16    Spells: 7/7 levels left

rFire    + . .     SeeInvis +   a - +1 short sword
rCold    . . .     Gourm    .   (shield restricted)
rNeg     . . .     Faith    .   b - +0 robe
rPois    .         Spirit   .   (helmet restricted)
rElec    .         Reflect  .   g - +0 cloak
rCorr    .         Harm     .   (gloves unavailable)
MR       +....                  (boots unavailable)
Stlth    +++.......             (no amulet)
HPRegen  0.12/turn              i - ring of protection from fire
MPRegen  0.17/turn              j - ring of magical power

@: very quick
A: very small, unfitting armour, see invisible, herbivore, speed 3, slow
metabolism 2
a: no special abilities


You were on level 6 of the Dungeon.
You were not hungry.

You visited 1 branch of the dungeon, and saw 6 of its levels.

You collected 283 gold pieces.
You spent 20 gold pieces at shops.

Inventory:

Hand Weapons
 a - a +1 short sword (weapon)
Missiles
 e - 12 poisoned darts (quivered)
Armour
 b - a +0 robe (worn)
 d - a +0 leather armour
 g - a +0 cloak (worn)
 w - a +0 leather armour
Jewellery
 i - a ring of protection from fire (left hand)
 j - a ring of magical power (right hand)
Wands
 c - a wand of flame (4)
 y - a wand of scattershot (7)
 A - a wand of digging (5)
Scrolls
 m - a scroll of immolation
 n - a scroll of enchant weapon
 o - 2 scrolls of teleportation
 v - 2 scrolls of identify
 x - a scroll of fog
Potions
 h - a potion of haste
 k - 2 potions of brilliance
 p - 3 potions of curing
 q - 2 potions of might
 r - a potion of cancellation
 s - 4 potions of heal wounds
 t - a potion of stabbing
Comestibles
 f - 8 rations


   Skills:
 - Level 0.7 Fighting
 * Level 7.4 Short Blades
 + Level 4.3 Throwing
 * Level 7.0 Dodging
 + Level 4.3 Stealth
 - Level 5.0 Evocations


You had 7 spell levels left.
You didn't know any spells.
Your spell library contained the following spells:

 Spells                   Type           Power        Failure   Level  Hunger
 Beastly Appendage        Tmut           #.....       26%         1    ##.....
 Sticks to Snakes         Tmut           #.......     38%         2    ###....
 Spider Form              Tmut/Pois      #.........   63%         3    ####...
 Ice Form                 Ice/Tmut       #.......     95%         4    #####..
 Blade Hands              Tmut           #.........   100%        5    ######.


Dungeon Overview and Level Annotations

Branches:
Dungeon (6/15)
 Temple: D:4-7

Altars:
Kikubaaqudgha
Ru

Shops:
D:4 *


Innate Abilities, Weirdness & Mutations

You are very small and have problems with some larger weapons.
You are too small for most types of armour.
You have supernaturally acute eyesight. (SInv)
You are a herbivore.
You cover ground extremely quickly.
You need to consume almost no food.


Message History

The orc priest is poisoned.
The centaur shouts!
You hear a shout!
The centaur wields a +0 shortbow.
The centaur shoots an arrow.
The arrow closely misses you. The orc completely misses you.
Throwing (i - inventory)
e - 13 poisoned darts (quivered)
Press: ? - help, Shift-Dir - straight line, f - orc
Aim: an orc, wearing a +0 leather armour You throw a poisoned dart.
The poisoned dart barely misses the orc.
You hit the orc.
The orc is moderately wounded.
The orc priest invokes the aid of Beogh against you.
Beogh smites you! The orc wizard casts a spell at you.
The puff of frost hits you!
The orc wizard points at you and mumbles some strange words.
The puff of frost hits you!
* * * LOW HITPOINT WARNING * * *
The centaur shoots an arrow.
The arrow hits you!
You die...

....#.... #.. #....... ...$.....
..... ...##....... ......... ....
# ##.#........ ....... .... #..
#...<.o.... ..... ..
#..####.#####.....(.. ...# ...
#....##...####.##o... ...#
..####..........##..#..##.
...###....#............o.......##
...>#..( #......@..###....##..o..
...##..###.........# ##..####...o
#####..##..........# #......##...
..###.##......##.### #......##.(.
......#........#..# ##..........
###.....###...##.###........[....
#.......###...##...#.............
#..###.....co##.................#
...# ####....# .............)...(


You could see a centaur and an orc wizard (wandering).

Vanquished Creatures
  Sigmund (D:2)
  An ice beast (D:5)
  2 ogres (D:5)
  A centaur (D:5)
  A scorpion (D:3)
  2 howler monkeys (D:4)
  Crazy Yiuf (D:2)
  2 orc priests
  2 hounds (D:4)
  A jelly (D:5)
  A centaur skeleton (D:5)
  An iguana (D:5)
  2 orc wizards (D:4)
  6 worker ants
  Natasha (twice) (D:2)
  5 adders
  3 gnolls
  2 oozes
  2 adder skeletons (D:5)
  A worm (D:3)
  A dart slug (D:1)
  A leopard gecko (D:1)
  12 orcs
  A ball python (D:6)
  5 giant cockroaches
  5 goblins
  8 hobgoblins
  5 kobolds
  4 quokkas (D:3)
  3 bats
  6 frilled lizards
  2 jackal skeletons (D:5)
  11 rats
103 creatures vanquished.

Notes
Turn   | Place    | Note
-------+----------+-------------------------------------------
     0 | D:1      | Esekla the Spriggan Artificer began the quest for the Orb.
     0 | D:1      | Reached XP level 1. HP: 9/9 MP: 4/4
   129 | D:1      | Reached XP level 2. HP: 14/14 MP: 6/6
   495 | D:3      | Reached skill level 5 in Evocations
   705 | D:3      | Reached XP level 3. HP: 17/17 MP: 7/7
  1027 | D:2      | Found a sacrificial altar of Ru.
  1726 | D:2      | Reached XP level 4. HP: 17/21 MP: 8/8
  1898 | D:2      | Noticed Natasha
  1906 | D:2      | Killed Natasha
  1932 | D:2      | Found a runed translucent door.
  1933 | D:2      | Noticed Crazy Yiuf
  1975 | D:2      | Noticed Sigmund
  2009 | D:2      | Killed Sigmund
  2009 | D:2      | Reached skill level 5 in Dodging
  2009 | D:2      | Reached XP level 5. HP: 25/25 MP: 9/9
  2061 | D:2      | Noticed Natasha
  2077 | D:2      | Killed Natasha
  2077 | D:2      | Reached XP level 6. HP: 13/29 MP: 10/10
  2346 | D:2      | Killed Crazy Yiuf
  2346 | D:2      | Reached skill level 5 in Short Blades
  3825 | D:4      | Reached skill level 1 in Throwing
  3841 | D:4      | Found Guepuruimn's General Store.
  3873 | D:4      | Reached XP level 7. HP: 24/32 MP: 11/11
  4232 | D:4      | Bought a scroll of identify for 20 gold pieces
  5055 | D:5      | Entered Level 5 of the Dungeon
  5368 | D:5      | Found a sacrificial altar of Ru.
  5421 | D:5      | Found an ancient bone altar of Kikubaaqudgha.
  5868 | D:5      | Reached XP level 8. HP: 24/37 MP: 12/12
  7029 | D:6      | HP: 1/37 [orc wizard/puff of frost (11)]
  7039 | D:6      | Shot with an arrow by a centaur

Levels and vault maps discovered:
D:1:      dpeg_arrival_pond, layout_basic
D:2:      layout_loops_cross, first_ration, nicolae_ru_awakened_eye,
          uniq_sigmund, uniq_natasha, uniq_crazy_yiuf_cottage
D:3:      layout_loops_ring
D:4:      layout_gridville, serial_shops, shop, glass_columns_b
D:5:      minmay_recursive_quarters, layout_basic,
          chequers_temple_overflow_statue_of_worship
D:6:      layout_cave_pools, minmay_temple_entry_glassed_door,
          portal_sewer_entry_d

Skill      XL: |  1  2  3  4  5  6  7  8 |
---------------+-------------------------+-----
Evocations     | 5 |  5.0
Short Blades   | 2 4 5 6 7 |  7.4
Dodging        | 4 5 6 7 |  7.0
Stealth        | 2 3 4 |  4.3
Throwing       | 1 3 4 |  4.3
Fighting       | |  0.7

Action                   |  1- 3 |  4- 6 |  7- 9 || total
-------------------------+-------+-------+-------++-------
Melee: Short sword       |   147 |   137 |   139 ||   423
Throw: Dart              |       |    56 |    81 ||   137
Evoke: Wand              |     6 |    15 |     5 ||    26
  Use: Scroll            |       |       |    13 ||    13
 Stab: Sleeping          |     3 |     4 |       ||     7
       Distracted        |     1 |       |       ||     1
       Paralysed         |       |     2 |       ||     2
  Eat: Ration            |       |       |     2 ||     2
Armor: Robe              |    18 |    10 |     9 ||    37
Dodge: Dodged            |   104 |    77 |   105 ||   286

Table legend:
 A = Non-vault XP
 B = Vault XP
 C = Vault XP percentage of total XP
 D = Non-vault monster count
 E = Vault monster count
 F = Vault count percentage of total count
                 A         B        C        D         E       F
            +---------+---------+-------+---------+---------+-------
      Total |    1338 |     461 |  25.6 |      96 |       7 |   6.8
            +---------+---------+-------+---------+---------+-------
        D:1 |      41 |       0 |   0.0 |      25 |       0 |   0.0
        D:2 |      82 |     298 |  78.4 |       8 |       3 |  27.3
        D:3 |     228 |       0 |   0.0 |      34 |       0 |   0.0
        D:4 |     399 |       0 |   0.0 |      13 |       0 |   0.0
        D:5 |     584 |     163 |  21.8 |      14 |       4 |  22.2
        D:6 |       4 |       0 |   0.0 |       2 |       0 |   0.0
            +---------+---------+-------+---------+---------+-------
